 Dungeon Crawl Stone Soup version 0.27.0-1-g7a089689b8 (webtiles) character file.

Game seed: 11813371052072093296

55 SomeFlowers the Skirmisher (level 3, 0/30 HPs)
             Began as a Mummy Chaos Knight on July 31, 2021.
             Was a Plaything of Xom.
             Slain by Grinder (3 damage)
             ... while paralysed by Grinder
             ... on level 2 of the Dungeon.
             The game lasted 00:04:02 (2438 turns).

SomeFlowers the Skirmisher (Mummy Chaos Knight)     Turns: 2438, Time: 00:04:02

Health: 0/30       AC:  5    Str: 16    XL:     3   Next: 67%
Magic:  3/3        EV:  2    Int: 11    God:    Xom [....*.]
Gold:   251        SH:  0    Dex: 11    Spells: 2/2 levels left

rFire    x . .     SeeInvis .     - Unarmed
rCold    + . .     Faith    .   (no shield)
rNeg     + + +     Spirit   .   a - +2 leather armour
rPois    ∞         Reflect  .   (no helmet)
rElec    .         Harm     .   (no cloak)
rCorr    .         Rampage  .   (no gloves)
Will     .....                  (no boots)
Stlth    +.........             (no amulet)
HPRegen  0.10/turn              i - ring of wizardry
MPRegen  0.08/turn              (no ring)

@: paralysed
A: cold resistance 1, negative energy resistance 3, torment resistance 2, heat
vulnerability 1, no potions
a: Renounce Religion


You were on level 2 of the Dungeon.
You worshipped Xom.
You were a beloved toy of Xom.
You visited 1 branch of the dungeon, and saw 3 of its levels.

You collected 251 gold pieces.

Inventory:

Hand Weapons
 g - a +0 morningstar
Missiles
 b - 67 stones (quivered)
Armour
 a - a +2 leather armour (worn)
Jewellery
 i - a ring of wizardry (left hand)
Scrolls
 c - a scroll of fear {unknown}
 e - a scroll of teleportation {unknown}
 f - 4 scrolls of identify {unknown}
 h - a scroll of immolation {unknown}


   Skills:
 * Level 3.9 Fighting
 - Level 1.5 Armour
 - Level 0.7 Dodging
 + Level 3.2 Unarmed Combat


You had 2 spell levels left.
You didn't know any spells.
Your spell library contained the following spells:

 Spells                   Type           Power      Damage    Failure   Level
 Foxfire                  Conj/Fire      0%         2x1d4     17%         1
 Conjure Flame            Conj/Fire      0%         6-21      45%         3
 Inner Flame              Hex/Fire       0%         N/A       45%         3


Dungeon Overview and Level Annotations

Branches:
Dungeon (3/15)

Altars:
Kikubaaqudgha
Qazlal

Annotations:
D:2 Grinder


Innate Abilities, Weirdness & Mutations

You are immune to poison.
Your flesh is cold resistant. (rC+)
You are immune to negative energy. (rN+++)
You are immune to unholy pain and torment.
You are vulnerable to heat. (rF-)
You do not drink.


Message History

Grinder is severely wounded.
Grinder hits you!
You barely miss Grinder.
Grinder is severely wounded.
Grinder hits you.
You closely miss Grinder.
Grinder is severely wounded.
Grinder hits you!
* * * LOW HITPOINT WARNING * * *
Throw: javelin
Press: ? - help, Q - select action, (/) - cycle Shift-Dir - straight line, f/p - Grinder
Aim: Grinder (severely wounded, 52% to hit)
You throw a javelin.
The javelin pierces through Grinder but does no damage.
Grinder is severely wounded.
Grinder hits you.
* * * LOW HITPOINT WARNING * * *
Grinder closely misses you. Grinder gestures at you.
You resist with significant effort.
Grinder says, "Tell me all your secrets, or I'll kill you."
Grinder blinks!
Grinder gestures at you.
You suddenly lose the ability to move!
You can move again.
You see here a +0 ring mail.
Unknown command.
There is a stone staircase leading up here.
Grinder gestures at you. You resist with significant effort.
You climb upwards.
There is a stone staircase leading down here.
Grinder says, "What is the universe for?"
Grinder gestures at you.
You suddenly lose the ability to move!
Grinder hits you.
* * * LOW HITPOINT WARNING * * *
Grinder hits you.
You die...
Xom chuckles heartily!

..####.########..#.......# #.#
.## #..## ##.#.#.#...# #.# ##
##..### #.........# #.# # ##...##
#.........# #.# # ###..##
#.........#####.## #
##..###................. ##
##..#####.#.#####...... .#
##.#####.#.# ##..... ##
#.>5@.#...# #..... ####
#####...########.....
...######### #........(.##.....
##.........#####..........##.....
#########................##.....
#######..........##.....
##################


You could see Grinder.

Vanquished Creatures
  A howler monkey skeleton (D:2)
  An orc (D:2)
  A ball python (D:2)
  5 bats
  4 endoplasms
  A giant cockroach (D:1)
  9 goblins
  4 hobgoblins
  A jackal (D:1)
  3 kobolds
  4 quokkas
  A frilled lizard (D:2)
  2 rats (D:1)
37 creatures vanquished.

Vanquished Creatures (others)
  A fungus (D:1)
  A plant (D:1)
  5 toadstools (D:1)
7 creatures vanquished.

Grand Total: 44 creatures vanquished

Notes
Turn   | Place    | Note
-------+----------+-------------------------------------------
     0 | D:1      | SomeFlowers the Mummy Chaos Knight began the quest for the
                  | Orb.
     0 | D:1      | Reached XP level 1. HP: 18/18 MP: 1/1
    72 | D:1      | XOM: silly message
   136 | D:1      | XOM: silly message
   169 | D:1      | Reached XP level 2. HP: 24/24 MP: 2/2
   175 | D:1      | XOM: cloud trail
  1141 | D:2      | Reached XP level 3. HP: 25/30 MP: 3/3
  1209 | D:2      | Found a faded altar of an unknown god.
  1527 | D:2      | XOM: silly message
  1540 | D:2      | XOM: scenery: summon butterflies
  1567 | D:2      | XOM is BORED!
  1567 | D:2      | XOM: summons 2 hostile demons
  1939 | D:3      | XOM: divination: detect creatures
  2086 | D:3      | Found an ancient bone altar of Kikubaaqudgha.
  2172 | D:3      | Found a stormy altar of Qazlal.
  2393 | D:3      | Noticed Grinder
  2417 | D:3      | Paralysed by Grinder for 5 turns
  2435 | D:2      | Paralysed by Grinder for 5 turns
  2438 | D:2      | Slain by Grinder

Illustrated notes

Levels and vault maps discovered:
D:1:      dpeg_arrival_signposts, layout_loops_ring, serial_bayou_ford_a,
          chequers_jeans, minmay_gold_behind_fungi, minmay_close_crescents
D:2:      layout_rooms, shapermc_ecumenical_altar_petra, moated_statue
D:3:      layout_loops_corners, kiku_gazebo_garden_becter, grunt_qazlal_clouds,
          uniq_grinder

Skill      XL: |  1  2  3 |
---------------+----------+-----
Unarmed Combat | 3 |  3.2
Fighting       | |  3.9
Armour         | |  1.5
Dodging        | |  0.7

Action                   || total
-------------------------++-------
Melee: Unarmed           ||   197
       Punch             ||     2
Throw: Stone             ||    27
       Javelin           ||     6
 Stab: Sleeping          ||     1
Armor: Leather armour    ||    64
Dodge: Dodged            ||   103
